 Dungeon Crawl Stone Soup version 0.29.1-13-g9f3cf754e1 (webtiles) character file.

Game seed: 12875126942103713417

63 KittyFluff the Trooper (level 4, -2/29 HPs)
             Began as a Gargoyle Berserker on Jan 22, 2023.
             Was a Believer of Trog.
             Killed from afar by Natasha (7 damage)
             ... with a magic dart
             ... on level 2 of the Dungeon.
             The game lasted 00:04:41 (1413 turns).

KittyFluff the Trooper (Gargoyle Berserker)         Turns: 1413, Time: 00:04:43

Health: -2/29      AC:  8    Str: 20    XL:     4   Next: 10%
Magic:  4/4        EV: 11    Int:  8    God:    Trog [**....]
Gold:   81         SH:  0    Dex: 11    Spells: 3/3 levels left

rFire   . . .      SeeInvis .   a - +0 mace
rCold   . . .      Faith    .   (no shield)
rNeg    + . .      Spirit   .   h - +0 leather armour
rPois   ∞          Reflect  .   (no helmet)
rElec   +          Harm     .   (no cloak)
rCorr   .          Rampage  .   j - +0 pair of gloves
Will    .....                   (no boots)
Stlth   +.........              (no amulet)
HPRegen 0.09/turn               (no ring)
MPRegen 0.09/turn               (no ring)

@: slowed, very slow
A: sickness immunity, AC +3, negative energy resistance 1, electricity
resistance, torment resistance 1, petrification resistance
a: Renounce Religion, Berserk, Trog's Hand


You were on level 2 of the Dungeon.
You worshipped Trog.
Trog was pleased with you.
You visited 1 branch of the dungeon, and saw 2 of its levels.

You collected 81 gold pieces.

Inventory:

Hand Weapons
 a - a +0 mace (weapon)
Missiles
 e - 6 atropa-tipped darts (quivered)
Armour
 f - a +0 scale mail
 h - a +0 leather armour (worn)
 j - a +0 pair of gloves (worn)
Jewellery
 i - a ring of protection from fire
Scrolls
 b - a scroll of teleportation {unknown}
 d - 3 scrolls of vulnerability {unknown}
 k - a scroll of poison {unknown}
 l - a scroll of amnesia {unknown}
Potions
 c - a potion of ambrosia {unknown}
 g - a potion of heal wounds {unknown}
 m - a potion of brilliance {unknown}


   Skills:
 + Level 4.0 Fighting
 + Level 3.8 Maces & Flails
 * Level 3.0 Armour
 + Level 1.7 Dodging


You had 3 spell levels left.
You didn't know any spells.
Your spell library was empty.

Dungeon Overview and Level Annotations

Branches:
Dungeon (2/15)

Altars:
Wu Jian

Annotations:
D:2 Natasha


Innate Abilities, Weirdness & Mutations

You are immune to sickness and miasma.
Your stone body is resilient. (AC +3)
You are immune to poison.
You resist negative energy. (rN+)
You are resistant to electric shocks. (rElec)
You are resistant to unholy torment.
You are immune to petrification.


Message History

You feel yourself slow down.
You hit Natasha.
Natasha is moderately wounded.
Natasha misses you. Natasha claws you!
You hit Natasha.
Natasha is moderately wounded.
Natasha casts a spell at you. The magic dart hits you.
You sock Natasha!
Natasha is almost dead.
Natasha casts a spell at you. The magic dart hits you!
Natasha barely misses you.
You hit Natasha.
Natasha is almost dead.
Natasha casts a spell.
Natasha casts a spell at you. You resist with some effort.
You closely miss Natasha.
Natasha is almost dead.
Natasha closely misses you. Natasha claws you but does no damage.
You closely miss Natasha.
Natasha is almost dead.
Natasha claws you.
Natasha mumbles some strange words.
You barely miss Natasha.
Natasha is almost dead.
Natasha claws you but does no damage.
You closely miss Natasha.
Natasha is almost dead.
Natasha casts a spell.
The shadow imp shouts, "Bolt, thou loggerheaded unchin-snouted tinkerer!"
Natasha casts a spell at you.
You feel as though you will be slow longer.
You hit Natasha but do no damage.
Natasha is almost dead.
Natasha claws you.
* * * LOW HITPOINT WARNING * * *
The white imp hits you but does no damage.
Natasha casts a spell at you. The magic dart hits you!
You die...

######.#####.†###.#
#...# #..###.#
#.### #......# #.#
##.####### #.#
#.###.... #.#
#........ #.#
#####.### #######5#
#.# # ....55h@#
#.### #########
#.... #####


You could see an iron imp (summoned), Natasha, a white imp (summoned) and a
shadow imp (summoned).

Vanquished Creatures
  Terence (D:2)
  2 dart slugs
  2 ball pythons
  A bat (D:1)
  3 endoplasms
  2 giant cockroaches
  6 goblins
  A hobgoblin (D:1)
  2 quokkas (D:1)
  4 frilled lizards (D:1)
  5 kobolds
  8 rats
37 creatures vanquished.

Notes
Turn   | Place    | Note
-------+----------+-------------------------------------------
     0 | D:1      | KittyFluff the Gargoyle Berserker began the quest for the
                  | Orb.
     0 | D:1      | Reached XP level 1. HP: 14/14 MP: 1/1
   135 | D:1      | Reached XP level 2. HP: 16/20 MP: 2/2
   664 | D:1      | Reached ** piety under Trog
   665 | D:1      | Reached XP level 3. HP: 21/24 MP: 3/3
   860 | D:2      | Found an ornate altar of the Wu Jian Council.
   927 | D:2      | Found a faded altar of an unknown god.
   937 | D:2      | Noticed Terence
   960 | D:2      | Killed Terence
  1336 | D:2      | Reached XP level 4. HP: 25/29 MP: 4/4
  1369 | D:2      | Reached skill level 4 in Fighting
  1401 | D:2      | Noticed Natasha
  1413 | D:2      | Killed from afar by Natasha

Illustrated notes

Levels and vault maps discovered:
D:1:      wander_arrival_estate, layout_basic
D:2:      layout_loops_corners, ebering_ecumenical_altar_mist, basic_altar,
          uniq_terence, uniq_natasha

Skill      XL: |  1  2  3  4 |
---------------+-------------+-----
Fighting       | 4 |  4.0
Armour         | 3 |  3.0
Maces & Flails | |  3.8
Dodging        | |  1.7

Action                   |  1- 3 |  4- 6 || total
-------------------------+-------+-------++-------
Melee: Mace              |    90 |    21 ||   111
       Punch             |     1 |       ||     1
Armor: Animal skin       |    28 |       ||    28
       Leather armour    |    11 |     7 ||    18
Dodge: Dodged            |    54 |     9 ||    63
